 Dungeon Crawl Stone Soup version 0.29.1-12-g30fa7ad0bf (webtiles) character file.

Game seed: 10052585574357374164

155 LustLizard the Magician (level 5, -2/41 HPs)
             Began as a Gnoll Wanderer on Jan 17, 2023.
             Slain by Grinder (6 damage)
             ... on level 4 of the Dungeon.
             The game lasted 00:05:51 (3134 turns).

LustLizard the Magician (Gnoll Wanderer)            Turns: 3134, Time: 00:05:53

Health: -2/41      AC:  6    Str: 11    XL:     5   Next: 37%
Magic:  0/12       EV: 13    Int: 12    God:
Gold:   129        SH:  0    Dex: 13    Spells: 10/14 levels left

rFire   + . .      SeeInvis .   a - +0 sling
rCold   . . .      Faith    .   (no shield)
rNeg    . . .      Spirit   .   f - +0 leather armour {rF+}
rPois   .          Reflect  .   (no helmet)
rElec   .          Harm     .   w - +2 cloak
rCorr   .          Rampage  .   (no gloves)
Will    +....                   (no boots)
Stlth   ++........              (no amulet)
HPRegen 0.13/turn               k - ring of willpower
MPRegen 0.13/turn               r - ring of wizardry

@: no status effects
A: fangs 1, strong nose, distributed training
a: no special abilities


You were on level 4 of the Dungeon.
You visited 1 branch of the dungeon, and saw 4 of its levels.

You collected 129 gold pieces.

Inventory:

Hand Weapons
 a - a +0 sling (weapon)
Armour
 d - a +0 robe
 f - a +0 leather armour of fire resistance (worn)
 g - a +0 buckler
 w - a +2 cloak (worn)
Jewellery
 k - a ring of willpower (left hand)
 n - a ring of ice
 r - a ring of wizardry (right hand)
Wands
 x - a wand of light (10)
Scrolls
 b - a scroll of summoning {unknown}
 h - 2 scrolls of amnesia {unknown}
 j - a scroll of teleportation {unknown}
 l - 3 scrolls of identify {unknown}
 o - a scroll of magic mapping {unknown}
 p - 2 scrolls of enchant weapon {unknown}
 t - 2 scrolls of silence {unknown}
 u - a scroll of brand weapon {unknown}
 v - 2 scrolls of immolation {unknown}
 y - a scroll of butterflies {unknown}
 z - a scroll of poison {unknown}
Potions
 c - a potion of haste
 e - 2 potions of mutation {unknown}
 i - 2 potions of flight {unknown}
 m - a potion of magic {unknown}
 q - a potion of lignification {unknown}
 s - 2 potions of resistance {unknown}
 A - 2 potions of heal wounds {unknown}
 B - a potion of attraction {unknown}


   Skills:
 + Level 3.0 Fighting
 + Level 1.5 Short Blades
 + Level 1.5 Long Blades
 + Level 1.5 Axes
 + Level 1.5 Maces & Flails
 + Level 1.5 Polearms
 + Level 1.5 Staves
 + Level 3.0 Ranged Weapons
 + Level 1.5 Throwing
 + Level 1.5 Armour
 + Level 4.8 Dodging
 + Level 4.4 Stealth
 + Level 1.5 Shields
 + Level 1.5 Unarmed Combat
 + Level 5.2 Spellcasting
 + Level 1.2 Conjurations
 + Level 1.2 Hexes
 + Level 1.2 Summonings
 + Level 1.2 Necromancy
 + Level 1.2 Translocations
 + Level 1.2 Transmutations
 + Level 1.2 Fire Magic
 + Level 1.2 Ice Magic
 + Level 1.2 Air Magic
 + Level 4.0 Earth Magic
 + Level 1.2 Poison Magic
 + Level 1.7 Invocations
 + Level 1.5 Evocations


You had 10 spell levels left.
You knew the following spells:

 Your Spells              Type           Power      Damage    Failure   Level
a - Sandblast             Erth           24%        2d8       1%          1
b - Stone Arrow           Conj/Erth      18%        3d8       11%         3

Your spell library contained the following spells:

 Spells                   Type           Power      Damage    Failure   Level
 Passwall                 Tmut/Erth      7%         N/A       5%          2
 Gell's Gravitas          Tloc           6%         N/A       19%         3
 Teleport Other           Tloc           6%         N/A       19%         3
 Animate Armour           Summ/Erth      18%        N/A       32%         4
 Dispersal                Tloc           3%         N/A       100%        6
 Lehudib's Crystal Spear  Conj/Erth      4%         10d3      100%        8


Dungeon Overview and Level Annotations

Branches:
Dungeon (4/15)
 Temple: D:4-7

Altars:
The Shining One

Annotations:
D:4 Grinder


Innate Abilities, Weirdness & Mutations

You have very sharp teeth.
Your uncanny sense of smell can sniff out nearby items.
Your experience applies equally to all skills.


Message History

[Y]es or [N]o only, please.
Really attack while wielding your +0 sling? [Y]es or [N]o only, please.
Really attack while wielding your +0 sling?
Okay, then.
You don't have enough magic to cast this spell.
You don't have enough magic to cast this spell.
Unknown command.
Casting: Stone Arrow (dangerous; 11% risk of failure)
Confirm with . or Enter, or press ? or * to list all spells.
Okay, then.
Fire: a) +0 sling
Press: ? - help, Shift-Dir - straight line, f/p - Grinder
Aim: Grinder (severely wounded, 52% to hit)
You shoot a sling bullet. The sling bullet barely misses Grinder.
Grinder hits you.
You writhe in agony.
Fire: a) +0 sling
Press: ? - help, Shift-Dir - straight line, f/p - Grinder
Aim: Grinder (severely wounded, 52% to hit)
You shoot a sling bullet. The sling bullet barely misses Grinder.
Grinder hits you.
You writhe in agony.
Casting: Stone Arrow (dangerous; 11% risk of failure)
Confirm with . or Enter, or press ? or * to list all spells.
Aiming: Sandblast (safe; 1% risk of failure)
Press: ? - help, Shift-Dir - straight line, f/p - Grinder
Aim: Grinder (heavily wounded, 80% to hit)
The blast of sand hits Grinder.
Grinder is severely wounded.
Grinder hits you!
* * * LOW HITPOINT WARNING * * *
You writhe in agony.
* * * LOW HITPOINT WARNING * * *
Grinder hits you but does no damage.
Fire: a) +0 sling
Press: ? - help, Shift-Dir - straight line, f/p - Grinder
Aim: Grinder (severely wounded, 52% to hit)
You shoot a sling bullet. The sling bullet hits Grinder.
Grinder is severely wounded.
Grinder hits you.
You die...

.# ##.# # # #..
≈#.#. #.#
≈..?.###<#######
~..............#
.#(##.........#
##....!...#
#.#@.....#
#.#5.....#
..#......#
####.../..#
#......#
.......#
#......#
########


You could see Grinder.

Vanquished Creatures
  An iguana (D:3)
  4 gnolls (D:3)
  3 adders
  A worm (D:2)
  A dart slug (D:1)
  An orc (D:3)
  5 bats
  7 endoplasms
  A giant cockroach (D:1)
  3 goblins (D:2)
  9 hobgoblins
  3 kobolds
  2 quokkas (D:3)
  6 ball pythons
  4 frilled lizards
  6 rats
57 creatures vanquished.

Notes
Turn   | Place    | Note
-------+----------+-------------------------------------------
     0 | D:1      | LustLizard the Gnoll Wanderer began the quest for the Orb.
     0 | D:1      | LustLizard set off with the following items: a +0 sling, a
                  | +0 cloak, a potion of haste, a +0 robe; and the following
                  | spell memorised: Sandblast; and the following spells
                  | available to memorise: Passwall, Stone Arrow.
     0 | D:1      | Reached XP level 1. HP: 17/17 MP: 6/6
    84 | D:1      | Reached XP level 2. HP: 23/23 MP: 5/7
   871 | D:1      | Reached skill level 5 in Spellcasting
   871 | D:1      | Reached XP level 3. HP: 28/28 MP: 7/9
   875 | D:1      | Learned a level 3 spell: Stone Arrow
  1045 | D:2      | Reached skill level 1 in Invocations
  1241 | D:2      | Reached skill level 1 in Short Blades
  1241 | D:2      | Reached skill level 1 in Long Blades
  1241 | D:2      | Reached skill level 1 in Axes
  1241 | D:2      | Reached skill level 1 in Maces & Flails
  1241 | D:2      | Reached skill level 1 in Polearms
  1241 | D:2      | Reached skill level 1 in Staves
  1241 | D:2      | Reached skill level 1 in Throwing
  1241 | D:2      | Reached skill level 1 in Armour
  1241 | D:2      | Reached skill level 1 in Shields
  1241 | D:2      | Reached skill level 1 in Unarmed Combat
  1241 | D:2      | Reached skill level 1 in Evocations
  1620 | D:3      | Reached skill level 1 in Conjurations
  1620 | D:3      | Reached skill level 1 in Hexes
  1620 | D:3      | Reached skill level 1 in Summonings
  1620 | D:3      | Reached skill level 1 in Necromancy
  1620 | D:3      | Reached skill level 1 in Translocations
  1620 | D:3      | Reached skill level 1 in Transmutations
  1620 | D:3      | Reached skill level 1 in Fire Magic
  1620 | D:3      | Reached skill level 1 in Ice Magic
  1620 | D:3      | Reached skill level 1 in Air Magic
  1620 | D:3      | Reached skill level 1 in Poison Magic
  1620 | D:3      | Reached XP level 4. HP: 17/34 MP: 2/11
  1887 | D:3      | Reached XP level 5. HP: 17/40 MP: 4/12
  2218 | D:3      | Found a glowing golden altar of the Shining One.
  3119 | D:4      | Noticed Grinder
  3125 | D:4      | Paralysed by Grinder for 4 turns
  3134 | D:4      | Slain by Grinder

Illustrated notes

Levels and vault maps discovered:
D:1:      mrwooster_arrival_statue_3, layout_basic
D:2:      minmay_alternating_diamond, layout_rooms, minmay_pentomino_z4
D:3:      layout_basic, lemuel_doored_altar, minmay_misc_feat_rows
D:4:      layout_rooms, chequers_serial_rivers_micro_b, uniq_grinder

Skill      XL: |  1  2  3  4  5 |
---------------+----------------+-----
Spellcasting   | 5 |  5.2
Invocations    | 1 |  1.7
Short Blades   | 1 |  1.5
Long Blades    | 1 |  1.5
Axes           | 1 |  1.5
Maces & Flails | 1 |  1.5
Polearms       | 1 |  1.5
Staves         | 1 |  1.5
Throwing       | 1 |  1.5
Armour         | 1 |  1.5
Shields        | 1 |  1.5
Unarmed Combat | 1 |  1.5
Evocations     | 1 |  1.5
Conjurations   | 1 |  1.2
Hexes          | 1 |  1.2
Summonings     | 1 |  1.2
Necromancy     | 1 |  1.2
Translocations | 1 |  1.2
Transmutations | 1 |  1.2
Fire Magic     | 1 |  1.2
Ice Magic      | 1 |  1.2
Air Magic      | 1 |  1.2
Poison Magic   | 1 |  1.2
Fighting       | 3 |  3.0
Ranged Weapons | 3 |  3.0
Earth Magic    | 4 |  4.0
Dodging        | |  4.8
Stealth        | |  4.4

Action                   |  1- 3 |  4- 6 || total
-------------------------+-------+-------++-------
 Fire: Sling             |    39 |    42 ||    81
 Cast: Sandblast         |    46 |    25 ||    71
       Stone Arrow       |     3 |     4 ||     7
Armor: Robe              |     1 |       ||     1
       Leather armour    |     4 |     4 ||     8
Dodge: Dodged            |    15 |    19 ||    34
